 Dungeon Crawl Stone Soup version 0.29-a0-317-gd16b76e6b1 (webtiles) character file.

Game seed: 18058174171967948268

1971 HotDog the Basher (level 9, -6/55 HPs)
             Began as a Gargoyle Fighter on Apr 1, 2022.
             Was an Initiate of Nemelex Xobeh.
             Killed by divine providence
             ... invoked by an orc priest
              (14 damage)
             ... on level 7 of the Dungeon.
             The game lasted 00:12:10 (7643 turns).

HotDog the Basher (Gargoyle Fighter)                Turns: 7643, Time: 00:12:12

Health: -6/55      AC: 18    Str: 28    XL:     9   Next: 20%
Magic:  10/10      EV: 11    Int: 10    God:    Nemelex Xobeh [......]
Gold:   208        SH:  5    Dex: 11    Spells: 8/8 levels left

rFire   + . .      SeeInvis .   t - +5 whip of Daucups {freeze, rPois rF+}
rCold   . . .      Faith    .   c - +0 buckler
rNeg    + . .      Spirit   .   F - +1 ring mail "Veacat" {+Inv Will- Str+7}
rPois   ∞          Reflect  .   i - +0 helmet
rElec   +          Harm     .   (no cloak)
rCorr   .          Rampage  .   s - +2 pair of gloves
Will    .....                   (no boots)
Stlth   ..........              H - amulet of magic regeneration
HPRegen 0.18/turn               (no ring)
MPRegen 0.52/turn               (no ring)

@: brilliant, silenced, invisible
A: sickness immunity, AC +6, negative energy resistance 1, electricity
resistance, torment resistance 1, petrification resistance
a: Renounce Religion, Evoke Invisibility


You were on level 7 of the Dungeon.
You worshipped Nemelex Xobeh.
Nemelex Xobeh was noncommittal.
You visited 2 branches of the dungeon, and saw 8 of its levels.

You collected 208 gold pieces.

Inventory:

Hand Weapons
 a - a +0 flail
 p - a +1 mace of protection
 t - the +5 whip of Daucups (weapon) {freeze, rPois rF+}
   (You found it on level 3 of the Dungeon)

   It freezes those it strikes, dealing additional cold damage.
   It can also slow down cold-blooded creatures.
   rF:        It protects you from fire.
   rPois:     It protects you from poison.
Missiles
 e - a throwing net (quivered)
Armour
 b - a +0 scale mail
 c - a +0 buckler (worn)
 i - a +0 helmet (worn)
 s - a +2 pair of gloves (worn)
 F - the +1 ring mail "Veacat" (worn) {+Inv Will- Str+7}
   (You found it on level 5 of the Dungeon)

   Str:       It affects your strength (+7).
   +Inv:      It lets you turn invisible.
   Will:      It decreases your willpower.
Jewellery
 j - a ring of ice
 y - an amulet of faith
 H - an amulet of magic regeneration (around neck)
Wands
 l - a wand of acid (8)
 n - a wand of iceblast (14)
 v - a wand of flame (9)
 C - a wand of digging (2)
Scrolls
 f - 4 scrolls of fog
 g - a scroll of torment
 u - 3 scrolls of amnesia
 x - 2 scrolls of vulnerability {unknown}
 A - a scroll of acquirement
 B - 6 scrolls of identify
 I - a scroll of brand weapon {unknown}
 K - a scroll of summoning {unknown}
Potions
 d - a potion of might
 h - a potion of ambrosia {unknown}
 k - 4 potions of curing {unknown}
 m - a potion of degeneration {unknown}
 o - a potion of flight {unknown}
 r - a potion of berserk rage {unknown}
 w - a potion of attraction {unknown}
 z - a potion of mutation {unknown}
 J - a potion of lignification {unknown}


   Skills:
 * Level 5.7 Fighting
 * Level 8.1 Maces & Flails
 * Level 6.3 Armour
 * Level 3.0 Dodging
 * Level 5.3 Shields
 * Level 1.3 Invocations


You had 8 spell levels left.
You didn't know any spells.
Your spell library contained the following spells:

 Spells                   Type           Power      Damage    Failure   Level
 Magic Dart               Conj           0%         1d3       56%         1
 Blink                    Tloc           0%         N/A       71%         2
 Call Imp                 Summ           0%         N/A       71%         2
 Scorch                   Fire           0%         2d5       71%         2
 Mephitic Cloud           Conj/Pois/Air  0%         N/A       90%         3
 Flame Wave               Conj/Fire      0%         2d4       100%        4
 Manifold Assault         Tloc           0%         N/A       100%        5
 Dispersal                Tloc           0%         N/A       100%        6
 Summon Cactus Giant      Summ           0%         N/A       100%        6
 Storm Form               Tmut/Air       0%         N/A       100%        7
 Disjunction              Tloc           0%         N/A       100%        8


Dungeon Overview and Level Annotations

Branches:
Dungeon (7/15)             Temple (1/1) D:6

Altars:
Ashenzari
Elyvilon
Fedhas
Gozag
Hepliaklqana
Kikubaaqudgha
Makhleb
Nemelex Xobeh
Okawaru
Qazlal
Ru
Trog
Uskayaw
Vehumet
Wu Jian
Xom
Yredelemnul
Zin

Shops:
D:4 ((?*(   D:6 !

Annotations:
D:3 2 transporters
D:6 Pikel


Innate Abilities, Weirdness & Mutations

You are immune to sickness and miasma.
Your stone body is resilient. (AC +6)
You are immune to poison.
You resist negative energy. (rN+)
You are resistant to electric shocks. (rElec)
You are resistant to unholy torment.
You are immune to petrification.


Message History

* * * LOW HITPOINT WARNING * * *
The orc priest looks encouraged for a moment.
It was a potion of brilliance.
You feel clever all of a sudden.
The orc warrior hits you with a +0 dire flail.
* * * LOW HITPOINT WARNING * * *
The orc priest closely misses you.
You feel much better.
The orc warrior hits you with a +0 dire flail.
The orc priest hits you but does no damage.
As you read the scroll of identify, it crumbles to dust.
A - a scroll of acquirement The orc warrior closely misses you.
The orc priest misses you.
As you read the scroll labelled MEARYVE LUMEK, it crumbles to dust.
A profound silence engulfs you.
It was a scroll of silence.
The orc warrior hits you with a +0 dire flail.
The orc priest hits you but does no damage.
Magic scrolls do not work when you're silenced!
You barely miss the orc warrior.
The orc warrior is lightly wounded.
You block the orc warrior's attack. The orc priest misses you.
The orc priest attacks as you move away!
The orc priest hits you but does no damage.
The orc warrior completely misses you.
The orc priest attacks as you move away!
The orc priest hits you with a +0 hand axe.
The orc warrior attacks as you move away!
The orc warrior hits you but does no damage.
The orc warrior attacks as you move away!
The orc warrior barely misses you.
The orc priest mumbles some strange prayers to Beogh against you.
Beogh smites you!
* * * LOW HITPOINT WARNING * * *
You fade into invisibility!
The orc warrior closely misses you.
The orc priest begins to cast a cantrip, but forgets the words!
The orc priest mumbles some strange prayers to Beogh against you.
Beogh smites you!
You die...
Your body disappears without a glow.

#.# #....#### #.# ###
#.....##. #.# ####...##.
##.#######..)......
#.#.......##...##.
#.#.......####....
#.######### #.#.. #.# #.#..
###########@########## #.#..
.............o..o.....###.##.
............###.#o.....##.##.
............###.#......##.##.
.............#####...).##.##.
................o.......#.##.
.........).#########..#.#....
...................####..###.
.............#####.....#.###.


You could see an orc warrior (can't see you) and 2 orc priests.

Vanquished Creatures
  Grinder (D:6)
  2 water moccasins
  An ice beast (D:5)
  A sky beast (D:6)
  2 black bears (D:5)
  An ogre (D:5)
  A lemure (D:5)
  A bullfrog (D:7)
  4 scorpions
  A crimson imp (D:4)
  5 jellies
  7 hounds
  2 orc priests
  2 iguanas (D:5)
  Natasha (thrice) (D:2)
  3 orc wizards
  7 adders
  2 ufetubi (D:4)
  A worm (D:4)
  4 dart slugs
  12 orcs
  7 ball pythons
  12 endoplasms
  2 giant cockroaches
  10 goblins
  11 hobgoblins
  2 jackals (D:5)
  8 quokkas
  6 bats
  5 frilled lizards
  4 kobolds
  9 rats
  A spectral orc (D:4)
140 creatures vanquished.

Vanquished Creatures (others)
  4 toadstools (D:6)
4 creatures vanquished.

Grand Total: 144 creatures vanquished

Notes
Turn   | Place    | Note
-------+----------+-------------------------------------------
     0 | D:1      | HotDog the Gargoyle Fighter began the quest for the Orb.
     0 | D:1      | Reached XP level 1. HP: 14/14 MP: 1/1
   218 | D:1      | Reached XP level 2. HP: 14/19 MP: 2/2
   391 | D:1      | Found a faded altar of an unknown god.
   452 | D:1      | Reached XP level 3. HP: 23/23 MP: 3/3
  1461 | D:2      | Noticed Natasha
  1471 | D:2      | Killed Natasha
  1472 | D:2      | Reached skill level 3 in Maces & Flails
  1472 | D:2      | Reached skill level 1 in Invocations
  1472 | D:2      | Reached XP level 4. HP: 10/28 MP: 4/4
  1482 | D:2      | Noticed Natasha
  2101 | D:2      | Killed Natasha
  2604 | D:3      | Reached XP level 5. HP: 31/33 MP: 5/5
  2619 | D:3      | Identified the +5 whip of Daucups {freeze, rPois rF+}
  2996 | D:3      | Found a transporter.
  2998 | D:3      | Found a transporter.
  3009 | D:3      | Found a shimmering altar of Xom.
  3009 | D:3      | Found a bloodstained altar of Trog.
  3196 | D:4      | Found Redin's Magic Scroll Shop.
  3216 | D:4      | Reached skill level 1 in Dodging
  3651 | D:4      | Reached skill level 4 in Maces & Flails
  3651 | D:4      | Reached XP level 6. HP: 15/38 MP: 6/6
  3855 | D:4      | Found Xihune's General Store.
  4365 | D:2      | Noticed Natasha
  4372 | D:2      | Killed Natasha
  4730 | D:4      | Found Sekore's Weapon Boutique.
  4767 | D:4      | Found Asixzetz's Weapon Shoppe.
  4795 | D:4      | Found a burning altar of Makhleb.
  4796 | D:4      | Found a radiant altar of Vehumet.
  4995 | D:4      | Reached skill level 5 in Armour
  5023 | D:4      | Found an opulent altar of Gozag.
  5030 | D:4      | Reached XP level 7. HP: 39/43 MP: 7/7
  5093 | D:4      | Found a glowing silver altar of Zin.
  5241 | D:4      | Found Tein's Antique Weapon Shoppe.
  5281 | D:4      | Found a basalt altar of Yredelemnul.
  5475 | D:5      | Entered Level 5 of the Dungeon
  5484 | D:5      | Reached skill level 5 in Maces & Flails
  5570 | D:5      | Found a sparkling altar of Nemelex Xobeh.
  5888 | D:5      | Reached skill level 6 in Maces & Flails
  5888 | D:5      | Reached XP level 8. HP: 45/48 MP: 8/8
  5957 | D:5      | Identified the +1 ring mail "Veacat" {+Inv Will- Str+7}
  6236 | D:5      | Reached skill level 5 in Fighting
  6279 | D:5      | Reached skill level 7 in Maces & Flails
  6333 | D:6      | Found a white marble altar of Elyvilon.
  6693 | D:6      | Noticed Grinder
  6715 | D:6      | Reached skill level 5 in Shields
  6749 | D:6      | Found Rytiuv's Distillery.
  6809 | D:6      | Killed Grinder
  6810 | D:6      | Reached XP level 9. HP: 50/54 MP: 9/9
  6870 | D:6      | Reached skill level 8 in Maces & Flails
  6872 | D:6      | Found a staircase to the Ecumenical Temple.
  6885 | Temple   | Entered the Ecumenical Temple
  7157 | D:6      | Noticed Pikel
  7233 | D:5      | Became a worshipper of Nemelex Xobeh the Trickster
  7632 | D:7      | Identified a scroll of acquirement
  7643 | D:7      | Killed from afar by an orc priest

Illustrated notes

Levels and vault maps discovered:
D:1:      lemuel_arrival_hallway, layout_basic,
          nicolae_ecumenical_snake_handling
D:2:      layout_basic, uniq_natasha
D:3:      layout_loops_cross, gammafunk_temple_overflow_arena
D:4:      layout_loops_ring, grunt_temple_overflow_lords_of_destruction,
          pdpol_temple_overflow_zin_treasury_gozag_greed,
          yredelemnul_forgotten_temple_becter, serial_shops,
          nicolae_inconvenience_store, shop, shop,
          nicolae_shop_advertising_works [nicolae_subvault_shop_adworks], shop,
          chequers_serial_rivers_micro_e
D:5:      layout_loops_cross, nicolae_overflow_crystal_walls,
          hangedman_decor_growths
D:6:      layout_rooms, elyvilon_altar_5, minmay_temple_entry_drinking_statues,
          serial_shops, shop_statue, minmay_gold_behind_fungi, uniq_grinder,
          uniq_pikel
D:7:      layout_basic, tso_oasis_becter, serial_co_window_serial,
          co_window_corner_a, co_window_corner_a, co_window_paths_a,
          co_window_of_opportunity_a, co_window_corner_a, co_window_paths_a,
          co_window_of_opportunity_b, co_window_unsneaky_path_a,
          co_window_broadway_a
Temple:   jpeg_temple_island

Skill      XL: |  1  2  3  4  5  6  7  8  9 |
---------------+----------------------------+-----
Maces & Flails | 3 4 6 7 8 |  8.1
Invocations    | 1 |  1.3
Armour         | 4 5 6 |  6.3
Dodging        | 1 2 3 |  3.0
Shields        | 4 5 |  5.3
Fighting       | 4 5 |  5.7

Action                   |  1- 3 |  4- 6 |  7- 9 || total
-------------------------+-------+-------+-------++-------
Melee: Flail             |   104 |       |       ||   104
       Mace              |    24 |    30 |       ||    54
       Whip              |       |   128 |   184 ||   312
  Use: Scroll            |     3 |     6 |     3 ||    12
       Potion            |       |       |     5 ||     5
Armor: Scale mail        |    73 |    79 |    22 ||   174
       Ring mail         |       |       |    82 ||    82
Dodge: Dodged            |    58 |    66 |    66 ||   190
Block: Buckler           |    25 |    22 |    34 ||    81

Table legend: (Time is in decaauts)
 A = Elapsed time spent in this place.
 B = Non-inter-level travel time spent in this place.
 C = Inter-level travel time spent in this place.
 D = Time resting spent in this place.
 E = Time spent auto-exploring this place.
 F = Levels seen in this place.
 G = Mean time per level.
                   A        B        C        D        E       F      G
               +--------+--------+--------+--------+--------+-----+--------+
         Total |   7720 |   7202 |    518 |   2128 |   3737 |   8 |  965.0 |
       Dungeon |   7441 |   6923 |    518 |   2128 |   3484 |   7 | 1063.0 |
        Temple |    279 |    279 |      0 |      0 |    253 |   1 |  279.0 |
               +--------+--------+--------+--------+--------+-----+--------+

Top non-repeatable levels by time:
     D:2: 1590 daAuts
     D:3: 1379 daAuts
     D:1: 1355 daAuts
     D:4: 1215 daAuts
     D:5: 968 daAuts
     D:6: 631 daAuts
     D:7: 302 daAuts
  Temple: 279 daAuts
